 Dungeon Crawl Stone Soup version 0.18-a0-1542-g9c1a92e (console) character file.

10211 utis the Nimble (level 11, -12/64 HPs)
             Began as a Deep Elf Fighter on Mar 10, 2016.
             Was an Elder of Vehumet.
             Killed from afar by Harold (19 damage)
             ... with a bolt of fire
             ... on level 11 of the Dungeon.
             The game lasted 01:26:26 (20597 turns).

utis the Nimble (Deep Elf Fighter)                 Turns: 20597, Time: 01:26:26

Health: -12/64     AC: 12    Str: 16    XL:     11   Next: 33%
Magic:  12/23      EV: 17    Int: 24    God:    Vehumet [****..]
Gold:   638        SH:  9    Dex: 14    Spells: 5 memorised, 9 levels left

rFire  + . .     SeeInvis .     a - +8 quick blade
rCold  . . .     Gourm    .     t - +2 ring mail {rF+}
rNeg   . . .     Faith    +     p - +0 shield
rPois  .         Spirit   .     I - +1 helmet
rElec  .         Dismiss  .     Z - +0 cloak
rCorr  .         Reflect  .     j - +0 pair of gloves
SustAt .         Harm     .     (no boots)
MR     +....                    H - amulet of faith {!P}
Stlth  +.........               E - +3 ring of evasion
                                S - +3 ring of strength

@: brilliant, very slightly contaminated, somewhat resistant to hostile
enchantments, very unstealthy
A: clever 1
a: Renounce Religion


You were on level 11 of the Dungeon.
You worshipped Vehumet.
Vehumet was greatly pleased with you.
You were not hungry.

You visited 2 branches of the dungeon, and saw 12 of its levels.
You also visited: Ossuary.

You collected 741 gold pieces.
You spent 103 gold pieces at shops.

Inventory:

Hand Weapons
 a - a +8 quick blade (weapon)
 c - a +0 blowgun {@w1}
 J - a +1 dagger of venom
 V - a +3 scimitar of flaming
Missiles
 b - 457 stones {=f}
 n - 64 poisoned needles
 C - 32 bolts
 K - 2 curare-tipped needles {=f}
 N - 9 javelins (quivered)
 T - 8 needles of sleeping
 Y - 2 needles of confusion
Armour
 j - a +0 pair of gloves (worn)
 p - a +0 shield (worn)
 t - a +2 ring mail of fire resistance (worn)
 I - a +1 helmet (worn)
 Z - a +0 cloak (worn)
Jewellery
 g - an uncursed amulet of regeneration
 u - an uncursed ring of sustain attributes
 v - an uncursed ring of see invisible
 E - a +3 ring of evasion (right hand)
 F - an uncursed ring of protection from fire
 G - an uncursed amulet of guardian spirit
 H - an amulet of faith (around neck) {!P}
 Q - the ring "Reennuug" {Ice Dex+2}
   (You found it on level 8 of the Dungeon)

   [ring of ice]

   It enhances your ice magic, and weakens your fire magic.
   It affects your dexterity (+2).
   It makes you vulnerable to fire.
   It protects you from cold.
 S - a +3 ring of strength (left hand)
 W - an uncursed ring of magical power
Wands
 y - a wand of slowing (13/48)
 M - a wand of teleportation (9/9) {@v4}
 P - a wand of polymorph (12/24)
 R - a wand of slowing (26/48)
 X - a wand of hasting (2/9) {@v3}
Scrolls
 d - a scroll of summoning
 k - 3 scrolls of amnesia
 l - 3 scrolls of magic mapping
 q - a scroll of blinking
 s - 5 scrolls of teleportation {@r4}
 x - 2 scrolls of noise
Potions
 i - 5 potions of curing {@q1}
 z - a potion of haste {@q3}
 A - a potion of flight
 U - 2 potions of cancellation
Books
 e - a book of Clouds

   Spells                             Type                      Level
   a - Mephitic Cloud                 Conjuration/Poison/Air       3
   b - Conjure Flame                  Conjuration/Fire             3
   c - Poisonous Cloud                Conjuration/Poison/Air       6
   d - Freezing Cloud                 Conjuration/Ice/Air          6
   e - Ring of Flames                 Charms/Fire                  7
 m - a book of Beasts

   Spells                             Type                      Level
   a - Summon Butterflies             Summoning                    1
   b - Call Canine Familiar           Summoning                    3
   c - Summon Ice Beast               Ice/Summoning                4
   d - Summon Mana Viper              Hexes/Summoning              5
   e - Summon Hydra                   Summoning                    7
 r - a book of Spatial Translocations

   Spells                             Type                      Level
   a - Apportation                    Translocation                1
   b - Blink                          Translocation                2
   c - Shroud of Golubria             Charms/Translocation         2
   d - Portal Projectile              Translocation                3
   e - Teleport Other                 Translocation                3
   f - Passage of Golubria            Translocation                4
Miscellaneous
 o - an ornate deck of destruction {the Orb, drawn: 1}
 w - a lantern of shadows
Comestibles
 f - 5 bread rations {@e1}
 B - 4 chunks of flesh
 D - 8 meat rations {@e1}
 L - a slice of pizza {@e2}


   Skills:
 - Level 5.6 Fighting
 - Level 7.0 Short Blades
 - Level 5.0 Armour
 - Level 9.8 Dodging
 - Level 3.0 Shields
 + Level 6.7 Spellcasting
 * Level 6.2 Conjurations
 * Level 4.3 Fire Magic
 - Level 3.1 Air Magic
 - Level 5.1 Earth Magic
 - Level 3.0 Poison Magic
 - Level 4.1 Evocations


You had 9 spell levels left.
You knew the following spells:

 Your Spells              Type           Power        Failure   Level  Hunger
o - Conjure Flame         Conj/Fire      #####...     3%          3    None
p - Mephitic Cloud        Conj/Pois/Air  #####...     4%          3    None
w - Stone Arrow           Conj/Erth      ######       2%          3    None
y - Sticky Flame          Conj/Fire      #####...     16%         4    ###....
z - Sandblast             Erth           #####.       1%          1    None


Dungeon Overview and Level Annotations

Branches:
Dungeon (11/15)            Temple (1/1) D:6
   Lair: D:8-11         Orc: D:9-12

Altars:
Ashenzari
Cheibriados
Dithmenos
Elyvilon
Fedhas
Gozag
Kikubaaqudgha
Makhleb
Nemelex Xobeh
Okawaru
Pakellas
Qazlal
Ru
Sif Muna
Trog
Vehumet
Xom
Yredelemnul
Zin
The Shining One

Shops:
D:6 (

Annotations:
D:4 Duvessa; PeterLawrence's ghost, amateur MiFi
D:5 Eustachio
D:11 Harold


Innate Abilities, Weirdness & Mutations

Your mind is acute. (Int +2)


Message History

The bolt of fire hits you! You resist.
* * * LOW HITPOINT WARNING * * *
Drink which item? (? for menu, Esc to quit)
Okay, then.
You struggle to escape the net.
You struggle to escape the net.
You hear some strange, mumbled words.
A bolt of fire appears from out of thin air!
The bolt of fire hits you! You resist.
* * * LOW HITPOINT WARNING * * *
Drink which item? (? for menu, Esc to quit)
Okay, then.
Read which item? (? for menu, Esc to quit)
Blink to where?
Press: ? - help, Dir - move target cursor
As you read the scroll of blinking, it crumbles to dust.
You hear some strange, mumbled words.
A bolt of fire appears from out of thin air!
The bolt of fire hits you! You resist.
You die...

░ ░...░░ ░....░░
░.....░░░ ░ ░░░░░
░░......░
░░░░░░>..░░░░
░....░░░
...).)...)..░░░...░░
░░░░░░░░░░░.░░....░
░.......░ ░.....e.░
░.......░░░░
▒.░░.......░
▒.░░░░....░░ ▒.░
░...░░░ ▒)░ ░...░
▒.░░░..░░ ▒...%§.░
░.░░░➘.░


There were no monsters in sight!

Vanquished Creatures
  2 hill giants
  A cyclops (D:11)
  A manticore (D:11)
  A centaur skeleton (D:10)
  A gargoyle (D:7)
  An efreet (D:9)
  A two-headed ogre (D:11)
  Prince Ribbit (D:8)
  The ghost of Liam the Magician, an amateur DECj (D:8)
  8 yaks
  Sigmund (D:3)
  A fire bat (D:4)
  2 hippogriffs
  A mottled dragon (D:5)
  An ice beast (D:7)
  An orc warrior (D:8)
  5 ogres
  5 sky beasts
  A black bear (D:8)
  2 phantoms
  A wasp (D:9)
  A necrophage (D:7)
  4 centaurs
  3 big kobolds
  3 giant frogs
  4 gnoll sergeants (D:9)
  5 scorpions
  Dowan (D:4)
  8 killer bees (D:9)
  4 wights (D:9)
  5 howler monkeys
  4 crimson imps
  A centaur zombie (Ossuary)
  2 giant frog zombies
  A quasit (D:6)
  3 gnoll shamans (D:9)
  2 human zombies (Ossuary)
  2 jellies
  2 orc priests
  11 hounds
  5 orc wizards
  A giant frog skeleton (D:8)
  Jessica (D:3)
  2 iguanas
  8 worker ants
  A big kobold zombie (Ossuary)
  A hound zombie (D:6)
  2 mummies (Ossuary)
  35 gnolls
  9 adders
  3 shadow imps
  2 adder skeletons (D:6)
  2 adder zombies (Ossuary)
  3 dart slugs
  2 giant geckos
  23 orcs
  2 giant cockroaches
  17 goblins
  7 hobgoblins
  23 jackals
  2 quokkas
  2 ball pythons
  9 bats
  A giant gecko skeleton (D:5)
  A giant gecko zombie (D:5)
  6 giant newts
  14 hobgoblin zombies (Ossuary)
  21 kobolds
  12 kobold zombies (Ossuary)
  5 orc zombies (Ossuary)
  A quokka zombie (D:6)
  6 rats
334 creatures vanquished.

Vanquished Creatures (others)
  A giant gecko (D:8)
1 creature vanquished.

Grand Total: 335 creatures vanquished

Notes
Turn   | Place    | Note
--------------------------------------------------------------
     0 | D:1      | utis the Deep Elf Fighter began the quest for the Orb.
     0 | D:1      | Reached XP level 1. HP: 13/13 MP: 3/3
   188 | D:1      | Reached XP level 2. HP: 16/18 MP: 4/4
   334 | D:1      | Reached skill level 1 in Dodging
   749 | D:1      | Reached XP level 3. HP: 22/22 MP: 5/5
   940 | D:2      | Gained mutation: Your mind is acute. (Int +2) [potion of beneficial mutation]
  1169 | D:2      | Found a blossoming altar of Fedhas.
  1170 | D:2      | Found an ancient bone altar of Kikubaaqudgha.
  1510 | D:2      | Reached skill level 2 in Dodging
  1955 | D:2      | Reached XP level 4. HP: 27/27 MP: 6/6
  2087 | D:3      | Noticed Sigmund
  2094 | D:3      | Killed Sigmund
  2094 | D:3      | Reached skill level 3 in Dodging
  2094 | D:3      | Reached XP level 5. HP: 13/32 MP: 7/7
  2578 | D:3      | Reached skill level 4 in Dodging
  2923 | D:3      | Noticed Jessica
  2935 | D:3      | Killed Jessica
  2935 | D:3      | Reached XP level 6. HP: 37/37 MP: 8/8
  3520 | D:3      | Found a deep blue altar of Sif Muna.
  4243 | D:4      | Noticed Duvessa
  4297 | D:4      | Noticed PeterLawrence's ghost (amateur MiFi)
  4304 | D:4      | stupid
  4766 | D:4      | Noticed Dowan
  4806 | D:4      | Killed Dowan
  5349 | D:5      | Entered Level 5 of the Dungeon
  5585 | D:5      | Found a sand-covered staircase.
  5624 | Ossuary  | Entered an ossuary
  5640 | Ossuary  | Reached skill level 5 in Short Blades
  6041 | Ossuary  | Reached XP level 7. HP: 41/41 MP: 9/9
  6605 | Ossuary  | Reached skill level 5 in Dodging
  7059 | D:4      | Noticed a fire bat
  7059 | D:4      | a sky beast changed into a fire bat
  7071 | D:4      | Killed a fire bat
  7072 | D:4      | ooops
  7744 | D:5      | sigh
  7803 | D:5      | Reached skill level 6 in Dodging
  7803 | D:5      | Reached XP level 8. HP: 25/48 MP: 10/10
  8303 | D:5      | Found an iron altar of Okawaru.
  8303 | D:5      | Found a shadowy altar of Dithmenos.
  8306 | D:5      | Found a sparkling altar of Nemelex Xobeh.
  8350 | D:6      | Found Teorphaoq's Weapon Emporium.
  8537 | D:6      | Noticed Eustachio
  9498 | D:6      | Found a staircase to the Ecumenical Temple.
  9794 | D:6      | hmmm
 10149 | D:6      | Reached skill level 7 in Dodging
 10499 | Temple   | Entered the Ecumenical Temple
 10617 | Temple   | Became a worshipper of Vehumet
 10804 | D:6      | Bought a +1 dagger of venom for 103 gold pieces
 11333 | D:7      | Noticed a gargoyle
 11367 | D:7      | Killed a gargoyle
 11367 | D:7      | Reached skill level 8 in Dodging
 11367 | D:7      | Reached XP level 9. HP: 29/53 MP: 11/11
 11743 | D:7      | Reached skill level 5 in Fighting
 11864 | D:7      | Found a burning altar of Makhleb.
 11864 | D:7      | Found a glowing silver altar of Zin.
 11865 | D:7      | Noticed an angel
 11865 | D:7      | Noticed a balrug
 12181 | D:7      | Reached skill level 9 in Dodging
 12842 | D:8      | Got a shimmering granite ring
 12890 | D:8      | Got a twisted whip
 12934 | D:8      | yeah, right
 12961 | D:8      | Identified the ring "Reennuug" {Ice Dex+2} (You found it on level 8 of the Dungeon)
 13109 | D:8      | Identified the +6 whip of Qaseg {venom, rC+ SInv} (You found it on level 8 of the Dungeon)
 13112 | D:8      | hmmm
 13343 | D:8      | Noticed Liam's ghost (amateur DECj)
 13939 | D:8      | Reached skill level 1 in Evocations
 14692 | D:8      | Killed Liam's ghost
 14763 | D:8      | Noticed Prince Ribbit
 14783 | D:8      | Killed Prince Ribbit
 14783 | D:8      | Reached * piety under Vehumet
 14783 | D:8      | Offered knowledge of Sandblast by Vehumet.
 14783 | D:8      | Reached skill level 5 in Armour
 14786 | D:8      | Learned a level 1 spell: Sandblast
 14990 | D:8      | Reached skill level 1 in Spellcasting
 14990 | D:8      | Reached skill level 1 in Earth Magic
 15190 | D:9      | Reached XP level 10. HP: 52/60 MP: 15/15
 15422 | D:9      | Identified a scroll of acquirement
 15493 | D:9      | Offered knowledge of Magic Dart by Vehumet.
 15584 | D:9      | Reached ** piety under Vehumet
 16125 | D:9      | Offered knowledge of Stone Arrow by Vehumet.
 16138 | D:9      | Learned a level 3 spell: Stone Arrow
 16737 | D:9      | Reached *** piety under Vehumet
 16768 | D:9      | Reached skill level 5 in Earth Magic
 16880 | D:9      | Learned a level 3 spell: Mephitic Cloud
 16884 | D:9      | Learned a level 3 spell: Conjure Flame
 17178 | D:9      | Offered knowledge of Static Discharge by Vehumet.
 17349 | D:9      | Reached skill level 1 in Conjurations
 17382 | D:9      | Found a glowing golden altar of the Shining One.
 17494 | D:9      | ooops
 17712 | D:9      | Reached skill level 1 in Air Magic
 17712 | D:9      | Reached skill level 1 in Poison Magic
 18076 | D:9      | Reached skill level 5 in Spellcasting
 18221 | D:9      | Reached **** piety under Vehumet
 18267 | D:10     | Entered Level 10 of the Dungeon
 18494 | D:10     | Noticed a hill giant
 18528 | D:10     | Killed a hill giant
 18528 | D:10     | Offered knowledge of Sticky Flame by Vehumet.
 18534 | D:10     | Learned a level 4 spell: Sticky Flame
 18835 | D:10     | Reached skill level 1 in Fire Magic
 18850 | D:10     | Reached XP level 11. HP: 51/64 MP: 21/21
 19060 | D:10     | Reached skill level 5 in Conjurations
 20383 | D:11     | Noticed a hill giant
 20418 | D:11     | Killed a hill giant
 20561 | D:11     | Noticed Harold
 20597 | D:11     | Killed from afar by Harold

Vault maps used:
D:1:      mushboom_english_gardens, minmay_misc_feat_hallway, minivault_11
D:2:      grunt_temple_overflow_growth_and_decay
D:3:      led_sif_pool, uniq_sigmund, uniq_jessica
D:4:      kennysheep_generic_room_7, uniq_duvessa
D:5:      nicolae_overflow_hidden_temple, first_bread,
          nicolae_ossuary_entry_false_entrances
D:6:      temple_fountains, serial_shops, nicolae_shop_trees, uniq_eustachio
D:7:      grunt_temple_overflow_order_and_chaos_2
D:8:      uniq_prince_ribbit1
D:9:      nicolae_tso_swordbearing_angel, serial_gnoll_camp,
          gnoll_camp_medium_01, gnoll_camp_mini_doghouse, gnoll_camp_huts_basic,
          gnoll_camp_medium_02
D:11:     erik_lair_dragon, david_orc_2, david_nohive_1, uniq_harold
Temple:   triangle_lava_temple_11
Ossuary:  ossuary_tomb_1

Skill      XL: |  1  2  3  4  5  6  7  8  9 10 11 |
---------------+----------------------------------+-----
Dodging        | 1 2 3 4 6 8 9 |  9.8
Short Blades   | 3 4 5 6 7 |  7.0
Fighting       | 3 4 5 |  5.6
Armour         | 3 4 5 |  5.0
Shields        | 3 |  3.0
Evocations     | 4 |  4.1
Spellcasting   | 1 5 6 |  6.7
Earth Magic    | 2 5 |  5.1
Conjurations   | 4 6 |  6.2
Air Magic      | 3 |  3.1
Poison Magic   | 3 |  3.0
Fire Magic     | 1 4 |  4.3

Action                   |  1- 3 |  4- 6 |  7- 9 | 10-12 || total
-------------------------+-------+-------+-------+-------++-------
Melee: Rapier            |   176 |   389 |   765 |       ||  1330
       Dagger            |       |       |   220 |   186 ||   406
       Whip              |       |       |     3 |       ||     3
       Quick blade       |       |       |       |   438 ||   438
 Fire: Blowgun           |       |       |    30 |    38 ||    68
Throw: Stone             |     7 |    12 |    83 |     3 ||   105
       Javelin           |       |       |       |    23 ||    23
       Tomahawk          |       |       |       |     4 ||     4
 Cast: Sandblast         |       |       |       |    20 ||    20
       Stone Arrow       |       |       |       |     2 ||     2
       Conjure Flame     |       |       |       |     4 ||     4
       Mephitic Cloud    |       |       |       |     1 ||     1
       Sticky Flame      |       |       |       |     1 ||     1
Evoke: Wand              |       |       |     9 |     6 ||    15
       Deck              |       |       |       |     1 ||     1
  Use: Scroll            |     3 |     5 |    13 |    18 ||    39
       Potion            |     1 |     2 |     7 |     3 ||    13
  Eat: Chunk             |     4 |    11 |    10 |    16 ||    41
       Bread ration      |       |     1 |     2 |       ||     3
       Pizza             |       |       |     3 |     1 ||     4
       Meat ration       |       |       |     1 |       ||     1
